 Dungeon Crawl Stone Soup version 0.31-a0-828-gb7646bb5e3 (webtiles) character file.

Game seed: 5228754298634328593

89 DocSulfur the Slasher (level 4, -4/27 HPs)
             Began as a Deep Elf Berserker on Sept 24, 2023.
             Was a Follower of Trog.
             Slain by a worm (10 damage)
             ... on level 2 of the Dungeon.
             The game lasted 00:02:16 (1285 turns).

DocSulfur the Slasher (Deep Elf Berserker)          Turns: 1285, Time: 00:02:17

Health: -4/27      AC:  5    Str: 14    XL:     4   Next: 31%
Magic:  6/6        EV: 11    Int: 12    God:    Trog [*.....]
Gold:   34         SH:  0    Dex: 16    Spells: 3/3 levels left

rFire   . . .        a - +1 falchion
rCold   . . .        (no shield)
rNeg    . . .        h - +0 ring mail
rPois   .            (no helmet)
rElec   .            (no cloak)
rCorr   .            (no gloves)
SInv    .            (no boots)
Will    +....        (no amulet)
Stlth   +            (no ring)
HPRegen 0.24/turn    (no ring)
MPRegen 0.10/turn

%: no passive effects
@: on berserk cooldown, enlightened, flying, slowed, very slow
A: no striking features
a: Renounce Religion, Berserk


You were on level 2 of the Dungeon.
You worshipped Trog.
Trog was aware of your devotion.
You visited 1 branch of the dungeon, and saw 2 of its levels.

You collected 34 gold pieces.

Inventory:

Hand Weapons
 a - a +1 falchion (weapon)
Armour
 b - a +0 animal skin
 h - a +0 ring mail (worn)
Jewellery
 f - a +5 ring of evasion
Scrolls
 c - a scroll of silence
 e - a scroll of teleportation {unknown}
 g - a scroll of identify
 j - a scroll of poison {unknown}


   Skills:
 - Level 2.4 Fighting
 + Level 4.7 Long Blades
 - Level 1.5 Armour
 - Level 2.4 Dodging


You had 3 spell levels left.
You didn't know any spells.
Your spell library was empty.

Dungeon Overview and Level Annotations

Branches:
Dungeon (2/15)

Altars:
Yredelemnul


Message History

Things that are here:
a +0 club; a stone You closely miss the goblin.
The goblin hits you with a +0 club.
You closely miss the goblin. The goblin hits you but does no damage.
A goblin comes into view. It is wielding a +0 club.
The goblin barely misses you.
You hit the goblin.
The goblin is severely wounded.
The goblin hits you with a +0 club.
You completely miss the goblin.
The goblin is severely wounded.
The goblin hits you but does no damage. The goblin hits you with a +0 club.
You aren't carrying any items that you can evoke.
Unknown command.
Okay, then.
Okay, then.
You miss the goblin.
The goblin is severely wounded.
The goblin hits you with a +0 club.
A goblin comes into view. It is wielding a +0 club.
The goblin hits you with a +0 club.
It was a potion of enlightenment.
You feel very buoyant.
You fly up into the air.
The goblin shouts!
The worm bites you. The goblin hits you with a +0 club.
* * * LOW HITPOINT WARNING * * *
You aren't carrying any potions.
Unknown command.
As you read the scroll labelled YRAUDYAHOA, it crumbles to dust.
It is a scroll of identify.
c - a scroll of silence The goblin hits you with a +0 club.
* * * LOW HITPOINT WARNING * * *
The worm closely misses you. The goblin hits you but does no damage.
As you read the scroll labelled XANGIA PUIRAQI, it crumbles to dust.
It is a scroll of enchant weapon.
Your +0 falchion glows red for a moment.
The goblin closely misses you. The worm bites you!
You die...

.### #...###.#
##.....#.######
#..~~~.........
#.~~8~~..##### ###
########.# ..#
#..##### #.#
#....gg# #.#
#..###g# #.# #..#
#@# ####.# #..# #w#
#..... #..###.#
#.##.#
#......####.#
#.##.#
#.....†.....#
#.#..#
######.######
#<#.## ##...####
#)#.##
#.......######.....
#..PP.....).......#


You could see a worm and 3 goblins.

Vanquished Creatures
  Jessica (D:2)
  Robin (D:2)
  An adder (D:2)
  3 dart slugs (D:1)
  3 giant cockroaches (D:1)
  5 goblins
  4 hobgoblins
  3 jackals (D:1)
  6 kobolds
  A quokka (D:1)
  2 ball pythons
  4 bats
  2 rats (D:1)
36 creatures vanquished.

Notes
Turn   | Place    | Note
-------+----------+-------------------------------------------
     0 | D:1      | DocSulfur the Deep Elf Berserker began the quest for the
                  | Orb.
     0 | D:1      | Reached XP level 1. HP: 13/13 MP: 3/3
   159 | D:1      | Reached skill level 3 in Long Blades
   276 | D:1      | Reached XP level 2. HP: 13/18 MP: 4/4
   973 | D:2      | Noticed Jessica
   975 | D:2      | Killed Jessica
   976 | D:2      | Reached skill level 4 in Long Blades
   976 | D:2      | Reached XP level 3. HP: 22/22 MP: 5/5
  1089 | D:2      | Reached XP level 4. HP: 23/27 MP: 6/6
  1226 | D:2      | Found a basalt altar of Yredelemnul.
  1237 | D:2      | Noticed Robin
  1266 | D:2      | Killed Robin
  1285 | D:2      | Slain by a worm

Illustrated notes

Levels and vault maps discovered:
D:1:      erik_arrival_blinker_ship, layout_basic, kennysheep_decorative_pillar
D:2:      layout_loops_ring, basic_altar, st_stairs_11, moated_statue,
          serial_park_tiny_1, uniq_jessica, uniq_robin

Skill      XL: |  1  2 |
---------------+-------+-----
Long Blades    | 3 4 |  4.7
Fighting       | |  2.4
Armour         | |  1.5
Dodging        | |  2.4

Action                     |  1- 3 |  4- 6 || total
---------------------------+-------+-------++-------
  Melee: Falchion          |    75 |    25 ||   100
         Punch             |     1 |       ||     1
 Invoke: Berserk           |     1 |     1 ||     2
    Use: Scroll            |       |     2 ||     2
         Potion            |       |     1 ||     1
   Stab: Sleeping          |     2 |       ||     2
 Armour: Animal skin       |    24 |       ||    24
         Ring mail         |    15 |    26 ||    41
  Dodge: Dodged            |    49 |    11 ||    60

Table legend: (Time is in decaauts)
 A = Elapsed time spent in this place.
 B = Non-inter-level travel time spent in this place.
 C = Inter-level travel time spent in this place.
 D = Time resting spent in this place.
 E = Time spent auto-exploring this place.
 F = Levels seen in this place.
 G = Mean time per level.
                   A        B        C        D        E       F      G
               +--------+--------+--------+--------+--------+-----+--------+
         Total |   1309 |   1292 |     17 |      8 |    980 |   2 |  654.5 |
       Dungeon |   1309 |   1292 |     17 |      8 |    980 |   2 |  654.5 |
               +--------+--------+--------+--------+--------+-----+--------+

Top non-repeatable levels by time:
     D:1: 927 daAuts
     D:2: 382 daAuts
